 Dungeon Crawl Stone Soup version 0.30-a0-219-gf2db51d15e (webtiles) character file.

Game seed: 2998228230028978543

21 KennySheep the Ruffian (level 2, 0/25 HPs)
             Began as a Naga Transmuter on Oct 8, 2022.
             Slain by Terence
             ... wielding a +0 short sword
              (7 damage)
             ... on level 3 of the Dungeon.
             The game lasted 00:04:09 (1295 turns).

KennySheep the Ruffian (Naga Transmuter)            Turns: 1295, Time: 00:04:09

Health: 0/25       AC:  1    Str: 12    XL:     2   Next: 83%
Magic:  3/5        EV:  9    Int: 13    God:
Gold:   108        SH:  0    Dex: 11    Spells: 2/5 levels left

rFire   . . .      SeeInvis +      - Unarmed
rCold   + . .      Faith    .    (no shield)
rNeg    . . .      Spirit   .    a - +0 robe
rPois   +          Reflect  .    (helmet currently unavailable)
rElec   .          Harm     .    (no cloak)
rCorr   .          Rampage  .    (no gloves)
Will    .....                    (no barding)
Stlth   +.........               (no amulet)
HPRegen 0.24/turn                j - ring of protection from cold
MPRegen 0.09/turn                (no ring)

@: appendages (expiring), wereblooded, very slow
A: horns 2, AC +0, large, see invisible, deformed body, poison resistance,
slowness 2, spit poison 1, naga tail 1
a: Spit Poison, End Transformation


You were on level 3 of the Dungeon.
You had temporarily grown beastly horns.
You visited 1 branch of the dungeon, and saw 3 of its levels.

You collected 108 gold pieces.

Inventory:

Armour
 a - a +0 robe (worn)
Jewellery
 j - a ring of protection from cold (left hand)
Scrolls
 c - a scroll of vulnerability {unknown}
 d - 3 scrolls of teleportation {unknown}
 g - 3 scrolls of magic mapping {unknown}
 h - a scroll of noise {unknown}
 k - a scroll of identify {unknown}
 l - a scroll of blinking {unknown}
Potions
 b - 2 potions of lignification
 e - a potion of berserk rage {unknown}
 f - a potion of resistance {unknown}
 i - a potion of might {unknown}


   Skills:
 - Level 1.0 Fighting
 - Level 1.5 Dodging
 - Level 3.0 Unarmed Combat
 - Level 2.0 Spellcasting
 + Level 2.7 Transmutations
 + Level 2.1 Poison Magic


You had 2 spell levels left.
You knew the following spells:

 Your Spells              Type           Power      Damage    Failure   Level
a - Beastly Appendage     Tmut           16%        N/A       9%          1
b - Wereblood             Tmut           8%         N/A       13%         2

Your spell library contained the following spells:

 Spells                   Type           Power      Damage    Failure   Level
 Spider Form              Tmut/Pois      7%         N/A       28%         3
 Ice Form                 Ice/Tmut       4%         N/A       82%         4
 Animate Dead             Necr           1%         N/A       94%         4
 Haunt                    Necr/Summ      0%         N/A       100%        7
 Infestation              Necr           0%         N/A       100%        8


Dungeon Overview and Level Annotations

Branches:
Dungeon (2/15)

Altars:
Qazlal
Ru
Xom

Annotations:
D:3 Terence


Innate Abilities, Weirdness & Mutations

You have temporarily grown beastly horns.
Your serpentine skin is tough. (AC +0)
You have supernaturally acute eyesight. (SInv)
Armour fits poorly on your strangely shaped body.
Your system is resistant to poisons. (rPois)
You cover ground very slowly.
You can spit poison.
You have a snake-like lower body.


Message History

Casting: Wereblood (safe; 13% risk of failure)
Confirm with . or Enter, or press ? or * to list all spells.
You grow a pair of large bovine horns.
The goblin hits you with a +0 dagger.
You barely miss the goblin. The goblin hits you with a +0 dagger.
You closely miss the goblin. The goblin hits you with a +0 dagger.
You hit the goblin.
You feel a bit better.
You kill the goblin!
You barely miss the hobgoblin. You headbutt the hobgoblin.
The hobgoblin is moderately wounded.
The hobgoblin closely misses you.
You hit the hobgoblin.
The hobgoblin is almost dead.
The hobgoblin hits you.
You hit the hobgoblin.
You feel a bit better.
You kill the hobgoblin!
You howl as the wereblood boils in your veins!
Your transformation is almost over.
You hear a shout! x2; You hear an angry hiss.
A kobold comes into view. It is wielding a +0 short sword.
You howl as the wereblood boils in your veins!
The kobold shouts!
Things that are here:
a +0 dagger; a goblin corpse Terence shouts!
The kobold throws a stone.
The stone completely misses you.
A ball python comes into view.
The kobold hits you with a +0 short sword.
You hit the kobold.
You feel a bit better.
You kill the kobold!
A giant cockroach comes into view.
The gnoll shouts!
The ball python bites you. Terence hits you with a +0 short sword.
The ball python bites you. Terence hits you with a +0 short sword!
* * * LOW HITPOINT WARNING * * *
Things that are here:
a +0 short sword; 4 stones; a kobold corpse You hit Terence but do no damage.
The ball python bites you.
* * * LOW HITPOINT WARNING * * *
Terence hits you with a +0 short sword!
You die...

##.. ####... #.....#
. #.....# .. ##
#.....# #####
.########
#.....#⌠.$...
........### #.#.._.._
####..#...##
##S@⌠.....
#..###..####.@#......
#..# ##...)...# #####
#... #######.......
..### ###..... #.##
#.### #. ..# #. ..#
.#


You could see Terence and a ball python.

Vanquished Creatures
  2 ball pythons (D:1)
  An endoplasm (D:2)
  2 giant cockroaches (D:1)
  3 goblins
  3 hobgoblins
  3 kobolds
  A bat (D:1)
  3 rats
18 creatures vanquished.

Notes
Turn   | Place    | Note
-------+----------+-------------------------------------------
     0 | D:1      | KennySheep the Naga Transmuter began the quest for the Orb.
     0 | D:1      | Reached XP level 1. HP: 18/18 MP: 3/3
   223 | D:1      | Reached skill level 1 in Poison Magic
   289 | D:1      | Reached XP level 2. HP: 24/25 MP: 5/5
   292 | D:1      | Learned a level 2 spell: Wereblood
   975 | D:2      | Found a shimmering altar of Xom.
  1137 | D:2      | You fall into a shaft and drop 1 floor!
  1277 | D:3      | Found a stormy altar of Qazlal.
  1277 | D:3      | Found a sacrificial altar of Ru.
  1278 | D:3      | Noticed Terence
  1295 | D:3      | Slain by Terence

Illustrated notes

Levels and vault maps discovered:
D:1:      nicolae_arrival_somewhat_less_tricky_arrival, layout_basic
D:2:      layout_basic, basic_altar
D:3:      layout_rooms, jmf_multi_god_temple,
          shapermc_ecumenical_altar_mp_vishouse, serial_shops, shop, uniq_robin,
          uniq_terence

Skill      XL: |  1  2 |
---------------+-------+-----
Poison Magic   | 1 2 |  2.1
Fighting       | |  1.0
Dodging        | |  1.5
Unarmed Combat | |  3.0
Spellcasting   | |  2.0
Transmutations | |  2.7

Action                   || total
-------------------------++-------
Melee: Unarmed           ||    57
       Headbutt          ||     1
 Cast: Beastly Appendage ||     7
       Wereblood         ||     1
 Abil: Spit Poison       ||     1
Armor: Robe              ||     6
Dodge: Dodged            ||    20

Table legend: (Time is in decaauts)
 A = Elapsed time spent in this place.
 B = Non-inter-level travel time spent in this place.
 C = Inter-level travel time spent in this place.
 D = Time resting spent in this place.
 E = Time spent auto-exploring this place.
 F = Levels seen in this place.
 G = Mean time per level.
                   A        B        C        D        E       F      G
               +--------+--------+--------+--------+--------+-----+--------+
         Total |   1647 |   1614 |     33 |    100 |   1340 |   3 |  549.0 |
       Dungeon |   1647 |   1614 |     33 |    100 |   1340 |   3 |  549.0 |
               +--------+--------+--------+--------+--------+-----+--------+

Top non-repeatable levels by time:
     D:1: 1052 daAuts
     D:2: 424 daAuts
     D:3: 171 daAuts
